AoeStats
← racsoallebasi

Arabian Desert

513953241Analyzed
1v1 RM · 5d ago on Oct 16, 2026· 40m 13s· 2 players
Game mode
Random Map
Map size
Tiny (2 player)
Population
200
Speed
Normal
Resources
Standard
Victory
Conquest
Starting age
Dark Age
Ending age
Imperial Age
RankedLock teamsTeams togetherTeam positionsShared explorationLock speedFull tech treeHidden civsTurbo modeCheats
Victory
Defeat
🇧🇷 Franks · Brazil
201
+11
vs
🇨🇱 Spanish · Chile
96
-11
racsoallebasi
17:35 Feudal Age
19:31 Town Watch
20:22 Wheelbarrow
22:22 Man-at-Arms
22:52 Arson
25:20 Double-Bit Axe
36:43 Bloodlines
guicok.brasil
7:13 Loom
12:15 Feudal Age
12:57 Double-Bit Axe
19:20 Wheelbarrow
19:00 Forging
19:48 Scale Barding Armor
27:11 Castle Age
31:45 Iron Casting
31:32 Chain Barding Armor
30:48 Man-at-Arms
31:15 Gambesons
Connection lost

Rejoining the realm…

Still unreachable

The connection could not be restored.

Session expired

The server has moved on; the page needs a fresh start.